 Dungeon Crawl Stone Soup version 0.23.0-3-gf3c87f2 (webtiles) character file.

Game seed: 10125874326352141270

158 Kairos the Sneak (level 5, 0/27 HPs)
             Began as a Vine Stalker Assassin on Feb 24, 2019.
             Was an Initiate of Wu Jian.
             Succumbed to a scorpion's poison
             ... on level 4 of the Dungeon.
             The game lasted 00:07:11 (3034 turns).

Kairos the Sneak (Vine Stalker Assassin)            Turns: 3034, Time: 00:07:12

Health: 0/27       AC:  3    Str: 11 (14) XL:     5   Next: 40%
Magic:  6/6        EV: 12    Int: 13 (14) God:    Wu Jian [......]
Gold:   194        SH:  0    Dex: 13 (16) Spells: 4/4 levels left

rFire    . . .     SeeInvis .   a - +2 dagger
rCold    . . .     Gourm    .   (no shield)
rNeg     . . .     Faith    .   c - +0 robe
rPois    .         Spirit   +   (no helmet)
rElec    .         Reflect  +   d - +0 cloak
rCorr    .         Harm     .   (no gloves)
MR       .....                  (no boots)
Stlth    +.........             p - +4 amulet of reflection (curse)
HPRegen  0.49/turn              v - +3 ring of intelligence
MPRegen  0.10/turn              (no ring)

@: confused, lethally poisoned (0 -> -9), lightly drained
A: fangs 2, regeneration 1, magic shield, antimagic bite, no potion heal 3, rot
immunity
a: Renounce Religion


You were on level 4 of the Dungeon.
You worshipped Wu Jian.
Wu Jian was noncommittal.
You were hungry.

You visited 2 branches of the dungeon, and saw 5 of its levels.

You collected 194 gold pieces.

Inventory:

Hand Weapons
 a - a +2 dagger (weapon)
 b - a +0 blowgun
 t - a +0 flail of draining
Missiles
 e - 42 poisoned needles
 f - 2 curare-tipped needles
Armour
 c - a +0 robe (worn)
 d - a +0 cloak (worn)
Jewellery
 m - an uncursed amulet of the acrobat
 p - a cursed +4 amulet of reflection (around neck)
 v - a +3 ring of intelligence (left hand)
Scrolls
 h - 4 scrolls of identify
 i - a scroll of amnesia
 j - 3 scrolls of fear
 o - a scroll of immolation {unknown}
 r - 3 scrolls of remove curse {unknown}
 s - a scroll of noise {unknown}
 u - 2 scrolls of teleportation {unknown}
 y - a scroll of blinking {unknown}
Potions
 k - 3 potions of heal wounds
 q - 2 potions of cancellation
 w - a potion of haste
Comestibles
 g - 7 rations


   Skills:
 + Level 2.3(2.2) Fighting
 + Level 3.0(2.9) Short Blades
 + Level 2.1(1.9) Throwing
 + Level 1.4(1.2) Dodging
 * Level 6.4(6.2) Stealth


You had 4 spell levels left.
You didn't know any spells.
Your spell library was empty.

Dungeon Overview and Level Annotations

Branches:
Dungeon (4/15)             Temple (1/1) D:4

Altars:
Ashenzari
Cheibriados
Dithmenos
Elyvilon
Fedhas
Gozag
Hepliaklqana
Kikubaaqudgha
Makhleb
Okawaru
Qazlal
Trog
Uskayaw
Vehumet
Wu Jian
Yredelemnul
Zin

Annotations:
D:2 1 runed translucent door, Crazy Yiuf


Innate Abilities, Weirdness & Mutations

You have extremely sharp teeth.
Your natural rate of healing is unusually fast.
When hurt, damage is shared between your health and your magic reserves.
Your bite disrupts and absorbs the magic of your enemies.
Potions cannot restore your health.
You are immune to rotting.


Message History

It was a potion of degeneration.
There was something very wrong with that liquid.
You feel weakened.
You feel dopey.
You feel clumsy.
You feel sick. The scorpion stings you.
* * * LOW HITPOINT WARNING * * *
You are lethally poisoned!
The scorpion poisons you!
It was a potion of ambrosia.
You are confused.
Your system rejects the healing.
You feel invigorated.
* * * LOW HITPOINT WARNING * * *
You feel sick.
The scorpion stings you but does no damage.
* * * LOW HITPOINT WARNING * * *
You feel sick.
The scorpion stings you but does no damage.
* * * LOW HITPOINT WARNING * * *
You feel sick.
The scorpion stings you but does no damage.
You die...

. . .# ..##########.#
...........<.#..
...............#
..........##.#.#
..........##.#.#
........s.##.#.#
........@.##.#.#
..........'....#
?.........###..# #..
.....#########)######..
###.. #............ #[
#.###..####.# .. ..
#....##.# ... ##.#.##.#
.. #...##.#


You could see a scorpion.

Vanquished Creatures
  Jessica (D:2)
  2 adders
  4 gnolls
  An ooze (D:2)
  2 worms
  2 dart slugs
  A leopard gecko (D:3)
  8 orcs
  2 giant cockroaches (D:1)
  7 hobgoblins (D:3)
  2 kobolds
  4 quokkas
  3 bats
  7 frilled lizards
  7 goblins
  5 rats
58 creatures vanquished.

Vanquished Creatures (others)
  A leopard gecko (D:3)
  A hobgoblin (D:3)
  A frilled lizard (D:3)
3 creatures vanquished.

Grand Total: 61 creatures vanquished

Notes
Turn   | Place    | Note
-------+----------+-------------------------------------------
     0 | D:1      | Kairos the Vine Stalker Assassin began the quest for the
                  | Orb.
     0 | D:1      | Reached XP level 1. HP: 11/11 MP: 2/2
   182 | D:1      | Reached skill level 5 in Stealth
   257 | D:1      | Reached XP level 2. HP: 13/15 MP: 3/3
   978 | D:2      | Noticed Jessica
   990 | D:2      | Killed Jessica
   990 | D:2      | Reached skill level 1 in Dodging
   990 | D:2      | Reached XP level 3. HP: 15/18 MP: 4/4
  1276 | D:2      | Gained mutation: Your natural rate of healing is unusually
                  | fast. [Vine Stalker growth]
  1276 | D:2      | Reached XP level 4. HP: 23/23 MP: 5/5
  1338 | D:2      | Found a runed translucent door.
  1339 | D:2      | Noticed Crazy Yiuf
  1782 | D:3      | Reached skill level 6 in Stealth
  1900 | D:3      | Reached XP level 5. HP: 26/26 MP: 6/6
  2699 | D:4      | Found a staircase to the Ecumenical Temple.
  2708 | Temple   | Entered the Ecumenical Temple
  2796 | Temple   | Became a worshipper of the Wu Jian Council
  3034 | D:4      | Succumbed to a scorpion's poison

Skill      XL: |  1  2  3  4  5 |
---------------+----------------+-----
Stealth        | 5 6 |  6.4
Short Blades   | 2 3 |  3.0
Dodging        | 1 |  1.4
Fighting       | 2 |  2.3
Throwing       | 2 |  2.1

Action                   |  1- 3 |  4- 6 || total
-------------------------+-------+-------++-------
Melee: Dagger            |    62 |   124 ||   186
       Bite              |    15 |    41 ||    56
 Fire: Blowgun           |     9 |       ||     9
  Use: Scroll            |       |     3 ||     3
       Potion            |       |     3 ||     3
 Stab: Sleeping          |    10 |     2 ||    12
       Distracted        |       |     4 ||     4
  Eat: Chunk             |       |     6 ||     6
Armor: Robe              |     7 |    20 ||    27
Dodge: Dodged            |    33 |    65 ||    98
Block: Other             |       |    27 ||    27
       Reflection        |       |     7 ||     7
